AoeStats
← 极地沙尘暴

Arena

507754295Analyzed
4v4 RM · 12d ago on Sep 19, 2026· 44m 28s· 8 players
Game mode
Random Map
Map size
Large (8 player)
Population
200
Speed
Normal
Resources
Standard
Victory
Conquest
Starting age
Dark Age
Ending age
Imperial Age
RankedLock teamsTeams togetherTeam positionsShared explorationLock speedFull tech treeHidden civsTurbo modeCheats
Victory
Defeat
🇨🇳 Wu · China
1303
+16
🇨🇳 Huns · China
1302
+16
🇹🇼 Koreans · Taiwan
1262
+17
🇹🇼 Khmer · Taiwan
1243
+17
🇨🇭 Gurjaras · Switzerland
1308
-17
🇧🇷 Aztecs · Brazil
1307
-17
🇹🇷 Koreans · Türkiye
1302
-17
🇨🇭 Khmer · Switzerland
1257
-15
dr.schniselx
5:12 Loom
10:40 Feudal Age
16:32 Castle Age
14:59 Horse Collar
15:19 Double-Bit Axe
18:24 Horse Collar
19:19 Padded Archer Armor
23:48 Leather Archer Armor
27:18 Bow Saw
29:17 Wheelbarrow
29:54 Heavy Plow
31:05 Hand Cart
34:13 Imperial Age
32:35 Fletching
33:39 Gold Mining
33:47 Bodkin Arrow
35:50 Bracer
36:15 Conscription
36:19 Ballistics
36:11 Masonry
37:47 Chemistry
37:29 Elite Elephant Archer
40:13 Crop Rotation
40:01 Thumb Ring
optional_cookie
10:08 Feudal Age
13:05 Castle Age
11:37 Double-Bit Axe
14:07 Bow Saw
13:59 Horse Collar
21:24 Wheelbarrow
22:02 Loom
23:18 Bloodlines
23:09 Husbandry
22:56 Light Cavalry
27:20 Imperial Age
25:09 Heavy Plow
25:37 Scale Barding Armor
27:34 Chain Barding Armor
27:25 Forging
28:58 Plate Barding Armor
30:25 Iron Casting
29:50 Pikeman
31:17 Scale Mail Armor
31:34 Halberdier
32:39 Chain Mail Armor
34:05 Blast Furnace
38:03 Arson
38:41 Conscription
nborgesfilho
6:27 Loom
10:15 Feudal Age
14:41 Castle Age
13:27 Loom
17:01 Redemption
17:26 Sanctity
29:09 Double-Bit Axe
30:09 Horse Collar
32:50 Heavy Plow
34:24 Wheelbarrow
38:04 Imperial Age
36:37 Forging
36:08 Pikeman
36:50 Scale Mail Armor
37:11 Gold Mining
38:14 Iron Casting
37:32 Fletching
38:43 Chain Mail Armor
38:50 Chain Mail Armor
39:13 Hand Cart
39:59 Blast Furnace
38:26 Onager
40:16 Siege Engineers
41:11 Conscription
a.tarikcam
10:57 Feudal Age
14:55 Castle Age
13:12 Horse Collar
13:41 Double-Bit Axe
16:07 Bow Saw
21:18 Wheelbarrow
23:33 Hand Cart
28:18 Gold Mining
28:19 Stone Mining
28:39 Loom
31:32 Imperial Age
28:57 Fletching
29:50 Ballistics
30:38 Stone Shaft Mining
30:39 Gold Shaft Mining
30:50 Bodkin Arrow
31:43 Coinage
31:48 Husbandry
32:18 Bracer
33:32 Two-Man Saw
33:08 Conscription
33:55 Chemistry
33:40 Shinkichon
34:24 Elite War Wagon
37:26 Masonry
LocalMomsHelper
10:47 Feudal Age
14:35 Castle Age
12:47 Double-Bit Axe
12:47 Horse Collar
14:29 Town Watch
15:42 Bow Saw
19:14 Loom
24:39 Fletching
34:50 Wheelbarrow
37:43 Imperial Age
34:49 Elite Skirmisher
36:00 Bodkin Arrow
36:17 Treadmill Crane
36:49 Masonry
37:28 Ballistics
39:50 Chemistry
39:21 Architecture
39:05 Thumb Ring
39:49 Bracer
39:15 Crossbowman
41:17 Arrowslits
极地沙尘暴
11:03 Feudal Age
11:43 Double-Bit Axe
15:13 Castle Age
13:06 Horse Collar
16:16 Bow Saw
16:08 Heavy Plow
21:23 Wheelbarrow
24:17 Hand Cart
23:55 Gold Mining
25:23 Loom
26:48 Gold Shaft Mining
29:34 Imperial Age
28:24 Scale Mail Armor
28:13 Pikeman
28:53 Squires
29:15 Forging
29:21 Chain Mail Armor
30:04 Scale Barding Armor
30:35 Iron Casting
30:10 Husbandry
30:20 Bloodlines
29:47 Cavalier
30:59 Marauders
31:19 Conscription
31:24 Chain Barding Armor
32:57 Blast Furnace
31:30 Halberdier
32:06 Elite Tarkan
33:44 Plate Barding Armor
37:53 Paladin
39:28 Light Cavalry
42:23 Ballistics
43:04 Chemistry
41:57 Fletching
42:07 Padded Archer Armor
42:27 Guilds
42:17 Hussar
43:26 Bodkin Arrow
43:47 Leather Archer Armor
44:27 Thumb Ring
44:47 Parthian Tactics
43:44 Elite Skirmisher
simonchen0125
11:08 Feudal Age
14:47 Castle Age
12:44 Double-Bit Axe
13:07 Horse Collar
17:04 Bow Saw
22:06 Wheelbarrow
23:30 Heavy Plow
23:03 Light Cavalry
23:53 Gold Mining
25:24 Bloodlines
25:53 Scale Barding Armor
25:59 Husbandry
26:21 Hand Cart
31:05 Imperial Age
28:22 Loom
29:52 Chain Barding Armor
29:42 Forging
30:26 Gold Shaft Mining
29:42 Stone Mining
29:53 Town Watch
32:32 Plate Barding Armor
32:33 Iron Casting
31:27 Hussar
33:13 Double Crossbow
36:22 Blast Furnace
34:56 Onager
35:01 Heavy Scorpion
36:10 Elite Ballista Elephant
38:11 Stone Shaft Mining
38:10 Siege Engineers
39:05 Chemistry
39:10 Capped Ram
40:28 Siege Ram
43:11 Elite Ballista Elephant
45:08 Conscription
剃刀割猪头
10:09 Feudal Age
15:18 Castle Age
13:50 Double-Bit Axe
14:05 Horse Collar
16:44 Loom
18:26 Fletching
19:57 Bow Saw
21:00 Bodkin Arrow
22:08 Gold Mining
22:21 Heavy Plow
23:18 Padded Archer Armor
25:50 Wheelbarrow
27:16 Leather Archer Armor
27:17 Bloodlines
27:53 Pikeman
28:33 Squires
30:43 Scale Mail Armor
35:38 Imperial Age
34:28 Chain Mail Armor
34:24 Forging
34:45 Arson
35:53 Gold Shaft Mining
35:09 Stone Mining
36:30 Ballistics
36:47 Iron Casting
35:42 Halberdier
37:23 Bracer
38:14 Hand Cart
40:24 Chemistry
40:23 Conscription
41:34 Plate Mail Armor
42:09 Stone Shaft Mining
42:38 Elite Fire Archer
45:12 Blast Furnace
Connection lost

Rejoining the realm…

Still unreachable

The connection could not be restored.

Session expired

The server has moved on; the page needs a fresh start.